 Dungeon Crawl Stone Soup version 0.29-a0-830-gcb1280458a (webtiles) character file.

Game seed: 13928724301012515622

54 ytrimaz the Chopper (level 3, 0/29 HPs)
             Began as a Demonspawn Fighter on July 11, 2022.
             Slain by Sigmund
             ... wielding a +0 scythe
              (7 damage)
             ... on level 3 of the Dungeon.
             The game lasted 00:02:09 (2430 turns).

ytrimaz the Chopper (Demonspawn Fighter)            Turns: 2430, Time: 00:02:09

Health: 0/29       AC:  9    Str: 18    XL:     3   Next: 66%
Magic:  3/3        EV:  9    Int:  9    God:
Gold:   35         SH:  0    Dex: 12    Spells: 2/2 levels left

rFire   + . .      SeeInvis .   a - +0 war axe (chaos)
rCold   . . .      Faith    .   c - +0 buckler
rNeg    + . .      Spirit   .   b - +0 scale mail
rPois   .          Reflect  .   m - +0 helmet
rElec   .          Harm     .   (no cloak)
rCorr   .          Rampage  .   (no gloves)
Will    .....                   (no boots)
Stlth   ..........              (no amulet)
HPRegen 0.09/turn               h - ring of positive energy
MPRegen 0.16/turn               l - ring of protection from fire

@: confused, mighty
A: thin metallic scales 1, magic regeneration
a: no special abilities


You were on level 3 of the Dungeon.
You visited 1 branch of the dungeon, and saw 3 of its levels.

You collected 35 gold pieces.

Inventory:

Hand Weapons
 a - a +0 war axe of chaos (weapon)
Armour
 b - a +0 scale mail (worn)
 c - a +0 buckler (worn)
 m - a +0 helmet (worn)
Jewellery
 h - a ring of positive energy (left hand)
 l - a ring of protection from fire (right hand)
Wands
 j - a wand of paralysis (5)
Scrolls
 k - a scroll of amnesia
Potions
 d - 2 potions of might
 e - 2 potions of curing {unknown}
 f - a potion of flight {unknown}
 g - a potion of resistance {unknown}
 i - 2 potions of heal wounds {unknown}


   Skills:
 - Level 3.0 Fighting
 + Level 3.7 Axes
 - Level 2.6 Armour
 - Level 2.6 Shields


You had 2 spell levels left.
You didn't know any spells.
Your spell library contained the following spells:

 Spells                   Type           Power      Damage    Failure   Level
 Beastly Appendage        Tmut           0%         N/A       86%         1
 Sandblast                Erth           0%         2d4       86%         1
 Passwall                 Tmut/Erth      0%         N/A       95%         2
 Sublimation of Blood     Necr           0%         N/A       95%         2
 Wereblood                Tmut           0%         N/A       95%         2
 Spider Form              Tmut/Pois      0%         N/A       99%         3
 Stone Arrow              Conj/Erth      0%         3d7       99%         3
 Summon Hydra             Summ           0%         N/A       100%        7


Dungeon Overview and Level Annotations

Branches:
Dungeon (3/15)

Altars:

Annotations:
D:3 Sigmund


Innate Abilities, Weirdness & Mutations

You are partially covered in thin metallic scales. (AC +2)
You regenerate magic rapidly.


Message History

The endoplasm quivers.
You bump into the rock wall.
Sigmund closely misses you.
You feel less confused. Sigmund closely misses you.
Sigmund completely misses you.
You slash Sigmund!
Sigmund is heavily wounded.
Sigmund hits you with a +0 scythe.
You closely miss Sigmund.
Sigmund is heavily wounded.
Sigmund barely misses you. Sigmund hits you with a +0 scythe.
You completely miss Sigmund.
Sigmund is heavily wounded.
Sigmund barely misses you.
Unknown command.
You feel very mighty all of a sudden.
Sigmund points at you and mumbles some strange words.
You are confused.
The endoplasm barely misses you.
Unknown command.
Unknown command.
Unknown command.
You bump into the rock wall.
Sigmund hits you but does no damage.
The endoplasm hits you but does no damage.
You bump into the rock wall.
Sigmund hits you with a +0 scythe. The endoplasm freezes you.
You are frozen.
Unknown command.
You bump into the rock wall.
Sigmund hits you with a +0 scythe.
* * * LOW HITPOINT WARNING * * *
A hobgoblin comes into view.
The endoplasm hits you but does no damage.
You miss Sigmund.
Sigmund is heavily wounded.
The hobgoblin shouts!
You slash the endoplasm!
Lightning courses through the endoplasm!!
You kill the endoplasm!
Sigmund hits you with a +0 scythe!
You die...

##.## ###.##.#########.#
#...###................#
#............###########
#.......#.####
#########.# ## #.# #####
.# #.# #...#######
.########.# #@#.....g..
..........# #@..#
.†...############.##
####..............#
################


You could see Sigmund (fast) and a hobgoblin.

Vanquished Creatures
  An adder (D:2)
  3 worms (D:2)
  3 ball pythons
  5 endoplasms
  A giant cockroach (D:1)
  3 goblins
  5 hobgoblins
  2 quokkas
  5 bats
  4 frilled lizards
  3 kobolds
  3 rats
38 creatures vanquished.

Notes
Turn   | Place    | Note
-------+----------+-------------------------------------------
     0 | D:1      | ytrimaz the Demonspawn Fighter began the quest for the Orb.
     0 | D:1      | Reached XP level 1. HP: 18/18 MP: 1/1
   218 | D:1      | Gained mutation: You regenerate magic rapidly. [demonic
                  | ancestry]
   218 | D:1      | Reached XP level 2. HP: 19/24 MP: 2/2
  1200 | D:2      | Found a faded altar of an unknown god.
  1451 | D:2      | Gained mutation: You are partially covered in thin metallic
                  | scales. (AC +2) [demonic ancestry]
  1451 | D:2      | Reached XP level 3. HP: 29/29 MP: 3/3
  2414 | D:3      | Noticed Sigmund
  2430 | D:3      | Slain by Sigmund

Illustrated notes

Levels and vault maps discovered:
D:1:      evilmike_arrival_hilbert_curve, layout_basic, chequers_mini_garden,
          minmay_misc_feat_secret_circle
D:2:      minmay_diamond_boxcup, layout_loops_ring,
          ebering_ecumenical_altar_hall, kennysheep_flooded_box
D:3:      layout_loops_ring, st_stairs_9, uniq_jessica, uniq_sigmund

Skill      XL: |  1  2 |
---------------+-------+-----
Axes           | 2 3 |  3.7
Fighting       | |  3.0
Armour         | |  2.6
Shields        | |  2.6

Action                   || total
-------------------------++-------
Melee: War axe           ||   117
  Use: Scroll            ||     4
       Potion            ||     1
Armor: Scale mail        ||    58
Dodge: Dodged            ||    49
Block: Buckler           ||    34

Table legend: (Time is in decaauts)
 A = Elapsed time spent in this place.
 B = Non-inter-level travel time spent in this place.
 C = Inter-level travel time spent in this place.
 D = Time resting spent in this place.
 E = Time spent auto-exploring this place.
 F = Levels seen in this place.
 G = Mean time per level.
                   A        B        C        D        E       F      G
               +--------+--------+--------+--------+--------+-----+--------+
         Total |   2473 |   2382 |     91 |      0 |   2014 |   3 |  824.3 |
       Dungeon |   2473 |   2382 |     91 |      0 |   2014 |   3 |  824.3 |
               +--------+--------+--------+--------+--------+-----+--------+

Top non-repeatable levels by time:
     D:2: 1351 daAuts
     D:1: 896 daAuts
     D:3: 225 daAuts
